 Dungeon Crawl Stone Soup version 0.28.0-53-g5a82cb258f (webtiles) character file.

Game seed: 658996912416503634

131612 Peloso the Peltast (level 16, 0/155 HPs)
             Began as a Minotaur Fighter on July 3, 2022.
             Was the Champion of Okawaru.
             Killed from afar by a will-o-the-wisp (16 damage)
             ... with a foxfire
             ... on level 1 of the Swamp.
             The game lasted 01:07:23 (38093 turns).

Peloso the Peltast (Minotaur Fighter)              Turns: 38093, Time: 01:07:24

Health: 0/155      AC: 35    Str: 26    XL:     16   Next: 55%
Magic:  16/16      EV:  7    Int:  5    God:    Okawaru [******]
Gold:   2199       SH: 22    Dex: 16    Spells: 15/15 levels left

rFire   . . .      SeeInvis .   a - +5 scimitar (flame)
rCold   + + .      Faith    .   c - +2 kite shield {rC+}
rNeg    . . .      Spirit   .   U - +1 crystal plate armour {rC+}
rPois   +          Reflect  +   (helmet restricted)
rElec   .          Harm     .   n - +1 cloak {rPois}
rCorr   .          Rampage  .   l - +1 pair of gloves of Axeptuc {Slay+2}
Will    ++...                   v - +2 pair of boots {Fly}
Stlth   ..........              f - amulet of reflection
HPRegen 0.35/turn               q - ring of the Cuttlefish {Will+ Dex+3}
MPRegen 0.15/turn               E - +4 ring of slaying

@: flying
A: horns 2, retaliatory headbutt
a: Renounce Religion, Heroism, Finesse, Duel


You were on level 1 of the Swamp.
You worshipped Okawaru.
Okawaru was exalted by your worship.
You visited 5 branches of the dungeon, and saw 26 of its levels.
You also visited: Ice Cave.

You collected 2503 gold pieces.
You spent 304 gold pieces at shops.

Inventory:

Hand Weapons
 a - a +5 scimitar of flaming (weapon)
 b - a +0 long sword of venom
Armour
 c - a +2 kite shield of cold resistance (worn)
 h - a +3 chain mail of willpower
 l - the +1 pair of gloves of Axeptuc (worn) {Slay+2}
   (You bought it in a shop on level 2 of the Orcish Mines)

   Slay:      It affects your accuracy & damage with ranged weapons and melee
   (+2).
 n - a +1 cloak of poison resistance (worn)
 p - the +4 acid dragon scales "Zogreupn" {rPois rCorr Str+4}
   (You found it on level 2 of the Spider Nest)

   Str:       It affects your strength (+4).
   rPois:     It protects you from poison.
   rCorr:     It protects you from acid and corrosion.
 v - a +2 pair of boots of flying (worn)
 G - a scarf of resistance
 U - a +1 crystal plate armour of cold resistance (worn)
Jewellery
 f - an amulet of reflection (around neck)
 q - the ring of the Cuttlefish (left hand) {Will+ Dex+3}
   (You found it on level 3 of the Lair of Beasts)

   [ring of willpower]

   Dex:       It affects your dexterity (+3).
   Will:      It increases your willpower.
 s - a ring of positive energy
 E - a +4 ring of slaying (right hand)
Wands
 o - a wand of iceblast (6)
Scrolls
 k - 7 scrolls of teleportation
 x - 4 scrolls of immolation
 K - 2 scrolls of blinking
 M - 2 scrolls of acquirement
 X - 3 scrolls of magic mapping
 Z - a scroll of fear
Potions
 d - 3 potions of might
 e - 2 potions of invisibility
 g - a potion of heal wounds
 i - 2 potions of mutation
 j - 5 potions of curing
 m - a potion of brilliance
 r - 2 potions of haste
 B - a potion of experience
 Q - a potion of magic
 T - 4 potions of resistance


   Skills:
 + Level 17.2 Fighting
 + Level 18.2 Long Blades
 + Level 18.1 Armour
 + Level 2.2 Dodging
 + Level 2.1 Stealth
 + Level 19.0 Shields
 + Level 2.4 Invocations
 + Level 0.8 Evocations


You had 15 spell levels left.
You didn't know any spells.
Your spell library contained the following spells:

 Spells                   Type           Power      Damage    Failure   Level
 Apportation              Tloc           0%         N/A       100%        1
 Freeze                   Ice            0%         1d3       100%        1
 Magic Dart               Conj           0%         1d3       100%        1
 Shock                    Conj/Air       0%         1d3       100%        1
 Blink                    Tloc           0%         N/A       100%        2
 Corpse Rot               Necr/Air       0%         N/A       100%        2
 Passwall                 Tmut/Erth      0%         N/A       100%        2
 Poisonous Vapours        Pois/Air       0%         N/A       100%        2
 Sublimation of Blood     Necr           0%         N/A       100%        2
 Wereblood                Tmut           0%         N/A       100%        2
 Frozen Ramparts          Ice            0%         1d2       100%        3
 Inner Flame              Hex/Fire       0%         N/A       100%        3
 Lesser Beckoning         Tloc           0%         N/A       100%        3
 Mephitic Cloud           Conj/Pois/Air  0%         N/A       100%        3
 Ozocubu's Armour         Ice            0%         N/A       100%        3
 Swiftness                Air            0%         N/A       100%        3
 Airstrike                Air            0%         N/A       100%        4
 Dispel Undead            Necr           0%         3d6       100%        4
 Hailstorm                Conj/Ice       0%         3d3       100%        4
 Ice Form                 Ice/Tmut       0%         N/A       100%        4
 Leda's Liquefaction      Hex/Erth       0%         N/A       100%        4
 Blade Hands              Tmut           0%         N/A       100%        5
 Irradiate                Conj/Tmut      0%         3d14      100%        5
 Lee's Rapid Deconstruct  Erth           0%         3d5*      100%        5
 Lightning Bolt           Conj/Air       0%         1d11      100%        5
 Manifold Assault         Tloc           0%         N/A       100%        5
 Metabolic Englaciation   Hex/Ice        0%         N/A       100%        5
 Conjure Ball Lightning   Conj/Air       0%         3x3d6     100%        6
 Statue Form              Tmut/Erth      0%         N/A       100%        6
 Dragon Form              Tmut           0%         N/A       100%        7
 Ozocubu's Refrigeration  Ice            0%         4d5       100%        7
 Storm Form               Tmut/Air       0%         N/A       100%        7
 Discord                  Hex            0%         N/A       100%        8
 Disjunction              Tloc           0%         N/A       100%        8
 Animate Skeleton         Necr           Unusable   N/A       N/A         1
 Summon Small Mammal      Summ           Unusable   N/A       N/A         1
 Call Imp                 Summ           Unusable   N/A       N/A         2
 Summon Ice Beast         Ice/Summ       Unusable   N/A       N/A         4
 Summon Lightning Spire   Summ/Air       Unusable   N/A       N/A         4
 Death Channel            Necr           Unusable   N/A       N/A         6
 Simulacrum               Ice/Necr       Unusable   N/A       N/A         6
 Summon Hydra             Summ           Unusable   N/A       N/A         7

Dungeon Overview and Level Annotations

Branches:
Dungeon (15/15)            Temple (0/1) D:6            Lair (6/6) D:9
  Swamp (1/4) Lair:3       Spider (2/4) Lair:4        Slime (0/5) Lair:5
    Orc (2/2) D:11            Elf (0/3) Orc:2        Vaults (0/5) D:14
 Depths (0/4) D:15          IceCv (visited)

Altars:
Ashenzari
Dithmenos
Makhleb
Nemelex Xobeh
Okawaru
Ru
Sif Muna
Uskayaw
Wu Jian
Xom
The Shining One
Beogh
Jiyva

Shops:
Orc:2 *([

Portals:
Trove: D:15 (give 19 potions of curing)

Annotations:
Lair:6 Casa


Innate Abilities, Weirdness & Mutations

You have a pair of horns on your head.
You reflexively headbutt those who attack you in melee.


Message History

The tyrant leech dies!
* * * LOW HITPOINT WARNING * * *
You feel extremely sick.
You feel better.
You start removing your armour.
You continue taking off your scarf of resistance. x4
You finish taking off your scarf of resistance.
You feel hot and cold all over.
You start putting on your armour.
You continue putting on your +1 cloak of poison resistance. x5
You finish putting on your +1 cloak of poison resistance.
You feel resistant to poison.
You start resting.
A will-o-the-wisp comes into view.
The will-o-the-wisp gives a chilling moan.
The will-o-the-wisp gestures.
The will-o-the-wisp conjures some foxfire! 2 foxfires come into view.
The will-o-the-wisp gestures.
The will-o-the-wisp conjures some foxfire!
The foxfire hits you. 2 foxfires come into view.
You barely miss the foxfire. The foxfire hits you. The foxfire hits you!
* * * LOW HITPOINT WARNING * * *
The foxfire hits you!
* * * LOW HITPOINT WARNING * * *
The will-o-the-wisp gestures.
The will-o-the-wisp conjures some foxfire! 2 foxfires come into view.
The foxfire hits you but does no damage.
The will-o-the-wisp gestures.
The will-o-the-wisp conjures some foxfire! 2 foxfires come into view.
You barely miss the foxfire. You headbutt the foxfire!
The foxfire is lightly damaged.
The foxfire hits you!
* * * LOW HITPOINT WARNING * * *
The foxfire hits you!
You die...

♣ ♣≈≈≈♣ ♣♣..≈$≈ ♣.
♣≈≈≈♣ ♣..≈≈.≈
♣≈♣♣♣♣.≈≈♣ ♣..≈..≈
♣≈.≈♣.≈≈≈♣ ♣.≈§≈♣≈
♣♣.≈≈..≈≈.♣♣ ♣...♣.≈
♣§≈≈..≈≈.≈.♣ ♣♣.≈.≈≈≈
♣....≈≈♣ ♣♣♣≈≈≈≈≈.≈
♣≈≈≈§§§♣♣♣♣♣..♣♣.≈≈≈≈)
♣♣..§@vvv§...≈≈≈≈≈≈≈♣.
♣♣.§§§§§§.♣≈≈≈≈≈≈.†§.
♣♣≈......≈♣§.≈≈≈≈.≈.
♣.≈≈.§≈♣≈≈≈.≈≈≈≈.≈.
♣≈≈.♣.≈≈≈≈≈≈.≈..≈..
♣♣.♣♣.....≈≈.>.≈≈≈.
♣.♣♣≈†♣.♣≈≈.♣..≈..
♣.♣♣.≈≈≈≈...♣..≈≈.
♣♣♣♣♣..≈.....≈.♣≈.


You could see a will-o-the-wisp.

Vanquished Creatures
  Arachne (Spider:2)
  Gastronok (Lair:2)
  Kirke (Lair:4)
  Roxanne (Spider:2)
  An emperor scorpion (Spider:1)
  An orc warlord (Orc:2)
  A stone giant (D:15)
  A reaper (IceCv)
  A spark wasp (Spider:1)
  3 dire elephants (Lair:6)
  An entropy weaver (Spider:2)
  The ghost of Peloso the Carver, a journeyman MiFi of Okawaru (Lair:3)
  2 ettins
  The ghost of Labrat the Destroyer, a journeyman DgCj (Lair:3)
  The ghost of Kanaesup the Basher, a journeyman TeMo of Okawaru (Lair:3)
  A rakshasa (D:13)
  Harold (D:8)
  The ghost of Shogun88 the Blocker, a journeyman FoFi of Wu Jian (D:10)
  4 hydras
  2 boulder beetles
  2 ogre magi
  6 centaur warriors
  2 catoblepae
  A jorogumo (shapeshifter) (D:13)
  9 two-headed ogres
  2 alligators
  7 death yaks
  4 tengu warriors
  A spectral dire elephant (Lair:6)
  2 orc high priests (Orc:2)
  Sonja (Lair:3)
  Nergalle (Orc:2)
  A spectral death yak (Lair:6)
  A sun moth (Spider:1)
  6 skeletal warriors
  A spectral anaconda (Lair:6)
  A pharaoh ant (Spider:2)
  3 steelbarb worms
  4 orb spiders
  3 swamp dragons
  A lindwurm (Lair:5)
  An obsidian statue (Lair:6)
  Pikel (D:7)
  3 orc sorcerers (Orc:2)
  2 deep elf pyromancers
  A phantasmal warrior (D:13)
  4 necromancers (Lair:6)
  6 ugly things
  5 orc knights
  6 cyclopes
  An oklob plant (Lair:3)
  10 wolf spiders
  2 moths of wrath
  A will-o-the-wisp (Swamp:1)
  7 manticores
  19 elephants
  5 black mambas
  A dire elephant zombie (Lair:6)
  An ice statue (IceCv)
  2 gargoyles (D:12)
  13 cane toads
  2 unseen horrors (D:12)
  A kobold demonologist (D:11)
  An anaconda simulacrum (IceCv)
  An ice devil (IceCv)
  3 demonic crawlers
  5 komodo dragons
  A rime drake (Lair:6)
  An efreet (D:14)
  A tengu conjurer (D:14)
  8 meliai
  3 trolls
  2 polar bears
  3 tyrant leeches
  10 tarantellas
  3 hornets
  6 dream sheep (Lair:6)
  8 blink frogs (Lair:3)
  2 meliai zombies (D:11)
  A spectral elephant (Lair:6)
  17 jumping spiders
  7 centaur simulacra
  2 spriggans
  32 yaks
  15 culicivoras
  3 humans (Lair:4)
  A wraith (D:14)
  A dire elephant simulacrum (Lair:1)
  A vampire (D:12)
  4 wyverns
  4 basilisks
  A hog (Lair:4)
  2 steam dragons
  22 redbacks
  2 death yak simulacra
  7 vampire mosquitoes
  A swamp worm (Swamp:1)
  2 spectral cane toads (Lair:6)
  5 wargs
  2 acid dragons (D:10)
  2 hydra simulacra (Lair:1)
  14 water moccasins
  A swamp drake (D:11)
  33 orc warriors
  A hornet zombie (D:8)
  2 elephant zombies (Lair:6)
  A black bear (D:3)
  2 ice beasts
  7 ogres
  14 wolves
  5 boggarts
  11 centaurs
  An elephant skeleton (Lair:6)
  A phantom (D:7)
  A lemure (D:8)
  2 kobold brigands
  12 bullfrogs
  6 cane toad simulacra
  A scorpion (D:7)
  5 two-headed ogre simulacra (IceCv)
  A wyvern skeleton (D:7)
  2 elephant simulacra
  21 killer bees
  4 howler monkeys
  10 wights
  4 electric eels
  4 centaur zombies
  2 hounds
  2 water moccasin simulacra (Lair:1)
  A centaur skeleton (D:6)
  17 orc priests
  A gnoll shaman (D:10)
  2 iguanas
  20 orc wizards
  2 troll simulacra (IceCv)
  2 spriggan simulacra (IceCv)
  3 polar bear simulacra (IceCv)
  2 killer bee zombies
  3 wolf simulacra
  17 gnolls
  6 adders
  6 naga simulacra (IceCv)
  11 white imps
  A howler monkey simulacrum (D:11)
  8 ufetubi
  An adder skeleton (D:4)
  2 worms (D:4)
  2 dart slugs (D:1)
  67 orcs
  8 endoplasms
  3 giant cockroaches
  10 goblins
  9 hobgoblins
  4 jackals (D:2)
  2 quokkas (D:4)
  7 ball pythons
  8 bats
  4 frilled lizards
  15 kobolds
  5 rats
791 creatures vanquished.

Vanquished Creatures (others)
  Erica (D:8)
  A tyrant leech (Swamp:1)
  A culicivora (Spider:2)
  A redback (Spider:2)
  A white imp (D:11)
  2 orcs (D:11)
  6 foxfires (Swamp:1)
  11 fungi
  22 plants
  22 withered plants
68 creatures vanquished.

Grand Total: 859 creatures vanquished

Notes
Turn   | Place    | Note
-------+----------+-------------------------------------------
     0 | D:1      | Peloso the Minotaur Fighter began the quest for the Orb.
     0 | D:1      | Reached XP level 1. HP: 19/19 MP: 0/0
   357 | D:1      | Reached XP level 2. HP: 27/27 MP: 1/1
   400 | D:1      | Reached skill level 4 in Shields
   766 | D:1      | Reached XP level 3. HP: 33/33 MP: 2/2
  1618 | D:2      | Reached XP level 4. HP: 29/40 MP: 3/3
  2461 | D:3      | Noticed a black bear
  2469 | D:3      | Killed a black bear
  2470 | D:3      | Reached XP level 5. HP: 25/47 MP: 4/4
  2831 | D:3      | Found a hide-covered altar of Uskayaw.
  2834 | D:3      | Noticed a +0 hand axe
  2834 | D:3      | Noticed a +0 hand axe
  3396 | D:4      | Found an iron altar of Okawaru.
  3411 | D:4      | Became a worshipper of Warmaster Okawaru
  3570 | D:4      | Reached skill level 5 in Long Blades
  3570 | D:4      | Reached skill level 5 in Armour
  3570 | D:4      | Reached XP level 6. HP: 55/55 MP: 5/5
  3867 | D:4      | Reached skill level 1 in Dodging
  3891 | D:4      | Found an ornate altar of the Wu Jian Council.
  4713 | D:5      | Entered Level 5 of the Dungeon
  4843 | D:5      | Reached skill level 5 in Fighting
  4843 | D:5      | Reached XP level 7. HP: 46/61 MP: 6/6
  4846 | D:5      | Reached * piety under Okawaru
  5829 | D:6      | Found a staircase to the Ecumenical Temple.
  6260 | D:6      | Reached skill level 5 in Shields
  6639 | D:6      | Noticed a steam dragon
  6646 | D:6      | Killed a steam dragon
  6647 | D:6      | Reached XP level 8. HP: 63/70 MP: 7/7
  7217 | D:7      | Noticed a cyclops
  7227 | D:7      | Killed a cyclops
  7227 | D:7      | Reached ** piety under Okawaru
  7228 | D:7      | Reached skill level 1 in Stealth
  7330 | D:7      | Reached skill level 6 in Shields
  8412 | D:8      | Noticed Pikel
  8428 | D:7      | Killed Pikel
  8428 | D:7      | Reached *** piety under Okawaru
  8428 | D:7      | Reached **** piety under Okawaru
  8429 | D:7      | Reached XP level 9. HP: 65/78 MP: 8/8
  8779 | D:8      | Reached skill level 7 in Shields
  8910 | D:8      | Reached skill level 10 in Long Blades
  9045 | D:8      | Noticed Harold
  9061 | D:8      | Killed Harold
  9062 | D:8      | Reached skill level 8 in Shields
  9062 | D:8      | Reached XP level 10. HP: 36/88 MP: 7/9
  9803 | D:8      | Noticed Erica
  9817 | D:8      | Killed Erica
 10329 | D:9      | Found a shadowy altar of Dithmenos.
 10363 | D:9      | Reached skill level 10 in Armour
 10501 | D:9      | Found a sacrificial altar of Ru.
 10555 | D:9      | Found a staircase to the Lair.
 10607 | D:9      | Reached ***** piety under Okawaru
 11213 | D:10     | Entered Level 10 of the Dungeon
 11213 | D:10     | Noticed a two-headed ogre
 11220 | D:10     | Killed a two-headed ogre
 11429 | D:10     | Reached skill level 9 in Shields
 11627 | D:10     | Identified the +2 scale mail of Anarchy {+Blink rF+ Will+}
                  | (Okawaru gifted it to you on level 10 of the Dungeon)
 11627 | D:10     | Received a gift from Okawaru
 11646 | D:10     | Noticed a manticore
 11647 | D:10     | Noticed a catoblepas
 11899 | D:10     | Noticed a two-headed ogre
 11905 | D:10     | Killed a two-headed ogre
 11906 | D:10     | Reached skill level 1 in Invocations
 11928 | D:10     | Killed a catoblepas
 11929 | D:10     | Reached XP level 11. HP: 89/99 MP: 7/10
 11977 | D:10     | Found a broken altar of Ashenzari.
 12133 | D:10     | Reached skill level 10 in Fighting
 12491 | D:10     | Found a runed translucent gate.
 12492 | D:10     | Found a runed translucent gate.
 12493 | D:10     | Found a runed translucent gate.
 12500 | D:10     | Found a burning altar of Makhleb.
 12508 | D:10     | Noticed Shogun88's ghost (journeyman FoFi)
 12661 | D:10     | Found a shimmering blue altar of Sif Muna.
 12940 | Lair:1   | Entered Level 1 of the Lair of Beasts
 13003 | Lair:1   | Reached skill level 10 in Shields
 13737 | Lair:1   | Received a gift from Okawaru
 14050 | Lair:1   | Found a transporter.
 14177 | Lair:1   | Found a transporter.
 14398 | Lair:2   | You fall into a shaft and drop 1 floor!
 14399 | Lair:3   | Noticed Sonja
 14403 | Lair:3   | Killed Sonja
 14405 | Lair:3   | Noticed a swamp dragon
 14425 | Lair:3   | Killed a swamp dragon
 14896 | Lair:3   | Reached XP level 12. HP: 108/108 MP: 11/11
 15036 | Lair:3   | Identified the +1 pair of boots of the Saviour {*Corrode
                  | rElec Dex+4 Slay+2} (Okawaru gifted it to you on level 3 of
                  | the Lair of Beasts)
 15036 | Lair:3   | Received a gift from Okawaru
 15553 | Lair:3   | Found a staircase to the Swamp.
 15589 | Lair:3   | Reached skill level 11 in Shields
 15725 | Lair:3   | Found a runed translucent gate.
 15725 | Lair:3   | Found a runed translucent gate.
 15726 | Lair:3   | Found a runed translucent gate.
 15731 | Lair:3   | Noticed Peloso's ghost (journeyman MiFi)
 15731 | Lair:3   | Noticed Labrat's ghost (journeyman DgCj)
 15731 | Lair:3   | Noticed Kanaesup's ghost (journeyman TeMo)
 16024 | Lair:2   | Noticed a seven-headed hydra
 16033 | Lair:2   | Killed a three-headed hydra
 16326 | Lair:2   | Noticed Gastronok
 16343 | Lair:2   | Killed Gastronok
 17042 | Lair:4   | Found a hole to the Spider Nest.
 18011 | Lair:4   | Noticed a seven-headed hydra
 18018 | Lair:4   | Killed a four-headed hydra
 18021 | Lair:4   | Reached skill level 15 in Long Blades
 18021 | Lair:4   | Noticed Kirke
 18046 | Lair:4   | Killed Kirke
 18438 | D:11     | Reached XP level 13. HP: 77/119 MP: 13/13
 18499 | D:11     | Found a frozen archway.
 18594 | IceCv    | Entered an ice cave
 18595 | IceCv    | Identified a scroll of acquirement
 19237 | IceCv    | Identified the +11 spear "Grim" {vorpal, Int+4} (Okawaru
                  | gifted it to you in an ice cave)
 19237 | IceCv    | Received a gift from Okawaru
 19348 | IceCv    | Reached skill level 12 in Shields
 19489 | IceCv    | Noticed a reaper
 19512 | IceCv    | Killed a reaper
 19727 | IceCv    | Got Xith's Collected Works on Ice
 20238 | D:11     | You fall into a shaft and drop 1 floor!
 20431 | D:12     | Found a runed translucent door.
 20434 | D:12     | Noticed an ettin
 20638 | D:12     | Identified the +8 triple sword of the Inquisitive Knives
                  | {venom, Contam rPois rF+ SInv} (Okawaru gifted it to you on
                  | level 12 of the Dungeon)
 20638 | D:12     | Received a gift from Okawaru
 21079 | D:11     | Found a staircase to the Orcish Mines.
 21876 | Lair:5   | Found a staircase to the Slime Pits.
 21876 | Lair:5   | Found a viscous altar of Jiyva.
 22007 | Lair:5   | Reached skill level 15 in Armour
 22049 | Lair:5   | Reached skill level 13 in Shields
 22646 | Lair:6   | Entered Level 6 of the Lair of Beasts
 22706 | Lair:6   | Reached ****** piety under Okawaru
 22710 | Lair:6   | Received a gift from Okawaru
 23629 | D:12     | Killed an ettin
 23740 | D:13     | Reached XP level 14. HP: 83/132 MP: 14/14
 24292 | D:13     | Reached skill level 14 in Shields
 24363 | D:13     | Noticed a broodmother
 24363 | D:13     | an anaconda changed into a broodmother
 24365 | D:13     | a broodmother changed into something unseen
 24367 | D:13     | HP: 2/133 [boulder beetle (19)]
 24786 | D:13     | Noticed a broodmother
 24786 | D:13     | a slime creature changed into a broodmother
 24787 | D:13     | a broodmother changed into an ice dragon
 24788 | D:13     | Noticed a broodmother
 24788 | D:13     | an ice dragon changed into a broodmother
 24793 | D:13     | a broodmother changed into an entropy weaver
 24906 | D:13     | Got the Papyrus of Mutagenic Ignition
 25093 | Orc:1    | Entered Level 1 of the Orcish Mines
 25846 | Lair:6   | Identified the +6 chain mail of Hiarot {rF+ rC+ Slay-6}
                  | (Okawaru gifted it to you on level 6 of the Lair of Beasts)
 25846 | Lair:6   | Received a gift from Okawaru
 26447 | Lair:6   | Reached skill level 15 in Shields
 26546 | Lair:6   | Reached skill level 15 in Fighting
 27792 | Orc:2    | Entered Level 2 of the Orcish Mines
 27830 | Orc:2    | Identified the +0 pair of gloves of Wolanirph {rC+}
                  | (Okawaru gifted it to you on level 2 of the Orcish Mines)
 27830 | Orc:2    | Received a gift from Okawaru
 27911 | Orc:2    | Reached XP level 15. HP: 72/141 MP: 15/15
 28184 | Orc:2    | Found a staircase to the Elven Halls.
 28267 | Orc:2    | Noticed Nergalle
 28678 | Orc:2    | Reached skill level 16 in Shields
 28775 | Orc:2    | Noticed an orc warlord
 28930 | Orc:2    | Killed Nergalle
 28944 | Orc:2    | Killed an orc warlord
 29153 | Orc:2    | Found Paohosia's General Store.
 29156 | Orc:2    | Found Xihe's Book Emporium.
 29217 | Orc:2    | Found Buets's Antique Armour Emporium.
 29225 | Orc:2    | Bought a pair of encrusted gloves for 304 gold pieces
 29225 | Orc:2    | Identified the +1 pair of gloves of Axeptuc {Slay+2} (You
                  | bought it in a shop on level 2 of the Orcish Mines)
 29354 | Orc:2    | Found Vomnil's Antique Weapon Emporium.
 30187 | D:10     | Killed Shogun88's ghost
 30475 | Lair:3   | Killed Kanaesup's ghost
 30483 | Lair:3   | Killed Peloso's ghost
 30499 | Lair:3   | Killed Labrat's ghost
 30505 | Lair:3   | Identified the ring of the Cuttlefish {Will+ Dex+3}
 31484 | D:14     | Found a shimmering altar of Xom.
 31484 | D:14     | Found a shimmering altar of Xom.
 31501 | D:14     | Found a shimmering altar of Xom.
 31511 | D:14     | Found a shimmering altar of Xom.
 31572 | D:14     | Reached skill level 17 in Shields
 31733 | D:14     | Received a gift from Okawaru
 31868 | D:14     | Found a sparkling altar of Nemelex Xobeh.
 32068 | D:14     | Found a gate to the Vaults.
 32113 | D:15     | Entered Level 15 of the Dungeon
 32685 | D:15     | Found a glowing golden altar of the Shining One.
 32778 | D:15     | Found a portal to a secret trove of treasure.
 33040 | D:15     | Found a staircase to the Depths.
 34155 | Spider:1 | Entered Level 1 of the Spider Nest
 34775 | Spider:1 | Reached XP level 16. HP: 152/152 MP: 16/16
 34822 | Spider:1 | Identified the +7 triple sword of the Turnip {flame,
                  | Fragile Will+ SInv} (Okawaru gifted it to you on level 1 of
                  | the Spider Nest)
 34822 | Spider:1 | Received a gift from Okawaru
 35274 | Spider:1 | Reached skill level 18 in Shields
 35775 | Spider:2 | Noticed Arachne
 35787 | Spider:2 | Killed Arachne
 36121 | Spider:2 | Received a gift from Okawaru
 36712 | Spider:2 | Identified the +4 acid dragon scales "Zogreupn" {rPois
                  | rCorr Str+4}
 36948 | Spider:2 | Noticed Roxanne
 36965 | Spider:2 | Killed Roxanne
 37359 | Swamp:1  | Entered Level 1 of the Swamp
 37980 | Swamp:1  | Reached skill level 19 in Shields
 38093 | Swamp:1  | Killed from afar by a will-o-the-wisp

Illustrated notes

Levels and vault maps discovered:
D:1:      dpeg_arrival_simpleton_c, layout_basic, minmay_misc_feat_rows
D:2:      layout_basic
D:3:      layout_loops_cross, dancing_weapons_uskayaw, serial_forest,
          infiniplex_forest_straight_4, infiniplex_forest_lined_room_3,
          infiniplex_forest_straight_2, infiniplex_forest_end_2, fountainhead,
          kennysheep_pointless_box
D:4:      layout_gridville, nicolae_wu_jian_wuxing_cycle, okawaru_gym_becter
D:5:      layout_basic
D:6:      layout_layer_cave, minmay_temple_entry_overgrown,
          minmay_misc_feat_more_columns
D:7:      layout_loops_ring, minmay_misc_feat_alley
D:8:      layout_layer_cave, uniq_erica, uniq_pikel, uniq_harold
D:9:      layout_basic, amcnicky_altar_gilded, mainiacjoe_overflow_paths,
          lair_entry_dummy, minivault_21
D:10:     nzn_motion_control, layout_cave_pools, nicolae_ashenzari_skybound,
          kennysheep_little_box, nicolae_sif_muna_little_library,
          ebering_ghost_rock_garden, blue_anna_alchemist
D:11:     layout_loops_ring, erik_orc_1, serial_ice, serial_ice_k, serial_ice_d,
          serial_ice_h, serial_ice_a, serial_ice_o, serial_ice_c, serial_ice_f,
          portal_ice_cave_entry_pillars_2, minmay_misc_feat_room,
          serial_park_tiny_2
D:12:     layout_loops_ring, minmay_misc_feat_square, wad_hexagon
D:13:     layout_cave_pools, minmay_checkered_concentric_circles
D:14:     layout_roguey, david_vaults_2, xom_redecorated,
          nemelex_spade_bored_becter
D:15:     grunt_enter_depths_snipers, layout_stronghold, enter_trove_3,
          tso_oasis_becter
Lair:1:   gammafunk_cloud_chamber, layout_loops_ring, beast_lair_carwin_9
Lair:2:   layout_loops_ring, nicolae_quartered_pool_little, uniq_gastronok
Lair:3:   layout_gridlike, minmay_swamp_entry_reptiles,
          gammafunk_ghost_cemetery, uniq_sonja
Lair:4:   layout_gridlike, hellmonk_spider_entry_not_the_bees,
          cheibrodos_lair_caveside_slide, uniq_kirke
Lair:5:   layout_gridlike, slime_altar_1
Lair:6:   due_jungle_book, layout_regular_city, grunt_forest_large_clearing_hut,
          serial_bayou_shore_a
Swamp:1:  layout_falls_marsh, evilmike_swamp_ruin_rubble_1, uniq_nikola
Spider:1: layout_cave_pods, nicolae_spider_claw_tunnel
Spider:2: layout_chambers, uniq_arachne, uniq_roxanne
Orc:1:    layout_diamond_mine, nicolae_orc_lost_temple
Orc:2:    grunt_orc_cross, layout_caves

Skill      XL: |  1  2  3  4  5  6  7  8  9 10 11 12 13 14 15 16 |
---------------+-------------------------------------------------+-----
Shields        | 4 5 6 8 9 10 11 13 15 17 19 | 19.0
Armour         | 4 5 7 9 10 12 14 15 16 17 18 | 18.1
Fighting       | 4 5 6 7 9 10 12 14 15 16 17 | 17.2
Long Blades    | 3 4 5 7 9 10 12 13 15 16 17 18 | 18.2
Dodging        | 1 2 |  2.2
Stealth        | 1 2 |  2.1
Invocations    | 1 2 |  2.4
Evocations     | |  0.8

Action                   |  1- 3 |  4- 6 |  7- 9 | 10-12 | 13-15 | 16-18 || total
-------------------------+-------+-------+-------+-------+-------+-------++-------
Melee: Long sword        |    80 |   134 |   221 |    40 |       |       ||   475
       Headbutt          |    12 |    20 |    45 |   100 |   325 |    74 ||   576
       Scimitar          |       |       |       |   445 |  1235 |   254 ||  1934
Invok: Heroism           |       |       |     3 |     8 |    15 |     2 ||    28
Evoke: Wand              |       |       |       |     4 |     5 |       ||     9
  Use: Scroll            |       |     8 |     1 |    10 |    11 |     2 ||    32
       Potion            |       |       |       |     3 |     5 |     1 ||     9
Armor: Scale mail        |    45 |    13 |       |       |       |       ||    58
       Chain mail        |       |    26 |       |       |       |       ||    26
       Plate armour      |       |    36 |    70 |   179 |    33 |       ||   318
       Crystal plate arm |       |       |       |       |   490 |   117 ||   607
Dodge: Dodged            |    43 |    59 |    46 |   117 |   142 |    48 ||   455
Block: Buckler           |    25 |    80 |    96 |   252 |     7 |       ||   460
       Reflection        |       |     4 |     3 |     8 |    47 |     3 ||    65
       Kite shield       |       |       |       |       |  1119 |   280 ||  1399
